 Dungeon Crawl Stone Soup version 0.28-a0-773-g130ae17fe5 (webtiles) character file.

Game seed: 16835228579706845198

153 pokeman the Magician (level 5, -7/29 HPs)
             Began as a Deep Elf Hedge Wizard on Nov 1, 2021.
             Killed by divine providence
             ... invoked by an orc priest
              (10 damage)
             ... on level 3 of the Dungeon.
             The game lasted 00:04:59 (2708 turns).

pokeman the Magician (Deep Elf Hedge Wizard)        Turns: 2708, Time: 00:04:59

Health: -7/29      AC:  6    Str:  7    XL:     5   Next: 12%
Magic:  1/15       EV: 13    Int: 20    God:
Gold:   8          SH:  0    Dex: 14    Spells: 5/16 levels left

rFire   . . .      SeeInvis .   a - +0 short sword (drain)
rCold   . . .      Faith    .   (no shield)
rNeg    . . .      Spirit   .   b - +0 robe
rPois   .          Reflect  .   l - +2 helmet
rElec   .          Harm     .   (no cloak)
rCorr   .          Rampage  .   p - +0 pair of gloves
Will    .....                   (no boots)
Stlth   ++........              (no amulet)
HPRegen 0.09/turn               (no ring)
MPRegen 0.14/turn               (no ring)

@: very slightly contaminated
A: no striking features
a: no special abilities


You were on level 3 of the Dungeon.
You visited 1 branch of the dungeon, and saw 3 of its levels.

You collected 63 gold pieces.
You spent 55 gold pieces at shops.

Inventory:

Hand Weapons
 a - a +0 short sword of draining (weapon)
 c - a +0 arbalest
Missiles
 j - 44 arrows
Armour
 b - a +0 robe (worn)
 l - a +2 helmet (worn)
 p - a +0 pair of gloves (worn)
Jewellery
 h - an amulet of guardian spirit
Scrolls
 d - a scroll of torment {unknown}
 f - a scroll of enchant armour {unknown}
 k - a scroll of silence {unknown}
 o - 3 scrolls of identify
 r - a scroll of magic mapping
 s - a scroll of blinking {unknown}
Potions
 e - a potion of degeneration {unknown}
 g - 2 potions of brilliance {unknown}
 i - a potion of might {unknown}
 m - a potion of curing {unknown}
 n - a potion of invisibility {unknown}
 q - a potion of mutation {unknown}


   Skills:
 - Level 1.1 Fighting
 - Level 1.1 Armour
 + Level 2.9 Dodging
 - Level 2.4 Stealth
 * Level 6.1 Spellcasting
 + Level 2.5 Conjurations
 - Level 1.1 Summonings
 - Level 1.1 Translocations
 + Level 1.1 Fire Magic


You had 5 spell levels left.
You knew the following spells:

 Your Spells              Type           Power      Damage    Failure   Level
a - Magic Dart            Conj           64%        1d6       3%          1
b - Mephitic Cloud        Conj/Pois/Air  9%         N/A       22%         3
c - Call Imp              Summ           10%        N/A       10%         2
d - Blink                 Tloc           20%        N/A       10%         2
e - Conjure Flame         Conj/Fire      13%        6-21      14%         3

Your spell library contained the following spells:

 Spells                   Type           Power      Damage    Failure   Level
 Slow                     Hex            24%        N/A       11%         1
 Gell's Gravitas          Tloc           10%        N/A       21%         3
 Lesser Beckoning         Tloc           10%        N/A       21%         3
 Teleport Other           Tloc           10%        N/A       21%         3


Dungeon Overview and Level Annotations

Branches:
Dungeon (3/15)

Altars:

Shops:
D:3 ?


Message History

Casting: Magic Dart (safe; 3% risk of failure)
Confirm with . or Enter, or press ? or * to list all spells.
Aiming: Magic Dart (safe; 3% risk of failure)
Press: ? - help, Shift-Dir - straight line, f/p - orc priest
Aim: an orc priest, wielding a +0 short sword (almost dead, 100% to hit)
The magic dart hits the orc priest.
You kill the orc priest!
A ball python comes into view.
Your Spellcasting skill increases to level 6!
Your Fire Magic skill increases to level 1!
You have reached level 5!
The orc priest hits you with a +0 whip.
* * * LOW HITPOINT WARNING * * *
You hit the orc priest. You drain the orc priest.
The orc priest is severely wounded.
The orc priest hits you with a +0 whip.
* * * LOW HITPOINT WARNING * * *
Unknown command.
Casting: Magic Dart (safe; 3% risk of failure)
Confirm with . or Enter, or press ? or * to list all spells.
Aiming: Magic Dart (safe; 3% risk of failure)
Press: ? - help, Shift-Dir - straight line, f - orc priest
Aim: an orc priest, wielding a +0 whip and wearing a +0 leather armour (severely wounded, heavily drained, 100% to hit)
Okay, then.
Unknown command.
You hit the orc priest. You drain the orc priest.
The orc priest is almost dead.
The orc priest hits you but does no damage.
The orc priest barely misses you.
Unknown command.
Casting: Magic Dart (safe; 3% risk of failure)
Confirm with . or Enter, or press ? or * to list all spells.
Aiming: Magic Dart (safe; 3% risk of failure)
Press: ? - help, Shift-Dir - straight line, f - orc priest
Aim: an orc priest, wielding a +0 whip and wearing a +0 leather armour (almost dead, heavily drained, 100% to hit)
The magic dart hits the orc priest but does no damage.
The orc priest is almost dead.
The orc priest invokes the aid of Beogh against you.
Beogh smites you!
You die...

.......# ..#
.......##.## # .
)..........# #. .#
.......#.#.###. ...
...............#####....
.......#.#..............
...........####.S)..#
.....####### #o# ...#..#
##@# .)###..#
######..### ..##
#...#.........# ...#
##...........# ...#
.............###..# ...#
................. ...#
#.#####......#.# ...#
#.......###### ...#
####..###


You could see an orc priest (drained) and a ball python.

Vanquished Creatures
  2 orc priests
  4 adders
  A dart slug (D:1)
  3 orcs
  8 bats
  5 endoplasms
  3 giant cockroaches
  6 goblins
  6 hobgoblins
  3 jackals (D:2)
  4 ball pythons
  2 frilled lizards (D:2)
  4 kobolds
  2 rats
53 creatures vanquished.

Notes
Turn   | Place    | Note
-------+----------+-------------------------------------------
     0 | D:1      | pokeman the Deep Elf Hedge Wizard began the quest for the
                  | Orb.
     0 | D:1      | Reached XP level 1. HP: 10/10 MP: 7/7
   321 | D:1      | Reached XP level 2. HP: 16/16 MP: 3/9
  1150 | D:1      | Reached skill level 5 in Spellcasting
  1463 | D:2      | Reached XP level 3. HP: 20/20 MP: 9/11
  1467 | D:2      | Learned a level 3 spell: Mephitic Cloud
  1470 | D:2      | Learned a level 2 spell: Call Imp
  1473 | D:2      | Learned a level 2 spell: Blink
  1477 | D:2      | Learned a level 3 spell: Conjure Flame
  1739 | D:2      | Found a faded altar of an unknown god.
  1778 | D:2      | Reached skill level 1 in Fighting
  1778 | D:2      | Reached skill level 1 in Armour
  1778 | D:2      | Reached XP level 4. HP: 17/25 MP: 7/13
  2352 | D:3      | Found Orreruf's Magic Scroll Boutique.
  2398 | D:3      | Bought a scroll of identify for 20 gold pieces
  2398 | D:3      | Bought a scroll of magic mapping for 35 gold pieces
  2703 | D:3      | Reached skill level 6 in Spellcasting
  2703 | D:3      | Reached skill level 1 in Fire Magic
  2703 | D:3      | Reached XP level 5. HP: 10/29 MP: 1/15
  2708 | D:3      | Killed from afar by an orc priest

Illustrated notes

Levels and vault maps discovered:
D:1:      wander_arrival_peaceful_grave, layout_basic
D:2:      cheibrodos_helix_gallery, layout_rooms,
          shapermc_ecumenical_altar_notcrosses
D:3:      layout_rooms, serial_shops, nicolae_shop_window_shopping,
          serial_glass, glass_columns_b, glass_columns_a

Skill      XL: |  1  2  3  4 |
---------------+-------------+-----
Spellcasting   | 5 6 |  6.1
Fighting       | 1 |  1.1
Armour         | 1 |  1.1
Conjurations   | 2 |  2.5
Fire Magic     | 1 |  1.1
Dodging        | |  2.9
Stealth        | |  2.4
Summonings     | |  1.1
Translocations | |  1.1

Action                   |  1- 3 |  4- 6 || total
-------------------------+-------+-------++-------
Melee: Short sword       |    17 |     2 ||    19
 Cast: Magic Dart        |    74 |    64 ||   138
       Mephitic Cloud    |     1 |       ||     1
 Stab: Confused          |     2 |       ||     2
Armor: Robe              |    13 |     3 ||    16
Dodge: Dodged            |    21 |    10 ||    31

Table legend: (Time is in decaauts)
 A = Elapsed time spent in this place.
 B = Non-inter-level travel time spent in this place.
 C = Inter-level travel time spent in this place.
 D = Time resting spent in this place.
 E = Time spent auto-exploring this place.
 F = Levels seen in this place.
 G = Mean time per level.
                   A        B        C        D        E       F      G
               +--------+--------+--------+--------+--------+-----+--------+
         Total |   2710 |   2658 |     52 |     15 |   2306 |   3 |  903.3 |
       Dungeon |   2710 |   2658 |     52 |     15 |   2306 |   3 |  903.3 |
               +--------+--------+--------+--------+--------+-----+--------+

Top non-repeatable levels by time:
     D:1: 1322 daAuts
     D:2: 943 daAuts
     D:3: 445 daAuts
